 Dungeon Crawl Stone Soup version 0.30.1-9-gdf580d7c3d (webtiles) character file.

Game seed: 11838761848363047135

127730 Chiseanne the Warrior (level 16, -8/138 HPs)
             Began as a Demonspawn Wanderer on Oct 7, 2023.
             Was an Initiate of Gozag.
             Killed by vampiric draining
             ... invoked by a vampire knight
              (13 damage)
             ... on level 15 of the Dungeon on Oct 8, 2023.
             The game lasted 01:40:10 (35193 turns).

Chiseanne the Warrior (Demonspawn Wanderer)        Turns: 35193, Time: 01:40:10

Health: -8/138     AC: 40    Str: 19    XL:     16   Next: 46%
Magic:  0/17       EV: 17    Int: 10    God:    Gozag
Gold:   312        SH: 23    Dex: 18    Spells: 17/17 levels left

rFire   + . .        a - +4 eveningstar (protect)
rCold   + . .        m - +0 tower shield
rNeg    . . .        S - +4 gold dragon scales
rPois   +            (helmet restricted)
rElec   +            (no cloak)
rCorr   .            T - +0 pair of gloves
SInv    .            P - +2 pair of boots {rampage}
Will    +....        U - amulet of reflection Stlth
                     l - +5 ring of evasion
HPRegen 0.43/turn    A - ring "Alugyd" {Fly EV+5 Str+4 Int-4 Stlth+}
MPRegen 0.30/turn

%: reflection, guardian spirit, rampage
@: under a protective aura, flying
A: horns 2, thin metallic scales 3, ignite blood 1, magic shield, magic
regeneration, magic link
a: Renounce Religion, Potion Petition, Call Merchant, Bribe Branch


You were on level 15 of the Dungeon.
You worshipped Gozag.
Gozag was aware of your devotion.
You visited 7 branches of the dungeon, and saw 26 of its levels.
You also visited: Sewer and Ossuary.

You collected 11160 gold pieces.
You spent 4919 gold pieces at shops.
You paid 5929 gold pieces to Gozag.

Inventory:

Hand Weapons
 a - a +4 eveningstar of protection (weapon)
 d - a +1 war axe of electrocution
 s - a +1 trident of venom
 x - a +1 great sword of flaming
 y - a +4 scimitar of flaming
Missiles
 b - a poisoned dart
 C - 6 javelins (quivered)
 G - 15 boomerangs
 L - 2 throwing nets
 O - a curare-tipped dart
Armour
 m - a +0 tower shield (worn)
 P - a +2 pair of boots of rampaging (worn)
 S - +4 gold dragon scales (worn)
 T - a +0 pair of gloves (worn)
Jewellery
 g - the ring of Xapraet {rPois rF+ Dex+3 SInv}
   (You bought it in a shop on level 2 of the Orcish Mines)

   [ring of protection from fire]

   Dex:       It affects your dexterity (+3).
   rF:        It protects you from fire.
   rPois:     It protects you from poison.
   SInv:      It lets you see invisible.
 l - a +5 ring of evasion (left hand)
 o - the ring "Ramit" {rElec rC+ Str+2 Stlth+}
   (You bought it in a shop on level 14 of the Dungeon)

   [ring of protection from cold]

   Str:       It affects your strength (+2).
   rC:        It protects you from cold.
   rElec:     It insulates you from electricity.
   Stlth:     It makes you more stealthy.
 A - the ring "Alugyd" (right hand) {Fly EV+5 Str+4 Int-4 Stlth+}
   (You bought it in a shop on level 15 of the Dungeon)

   [ring of evasion]

   EV:        It affects your evasion (+5).
   Str:       It affects your strength (+4).
   Int:       It affects your intelligence (-4).
   Fly:       It grants you flight.
   Stlth:     It makes you more stealthy.
 M - the ring of Ycivvam {Fly rC- rCorr Str+7 Int-3}
   (You found it on level 5 of the Lair of Beasts)

   [ring of flight]

   Str:       It affects your strength (+7).
   Int:       It affects your intelligence (-3).
   rC:        It makes you vulnerable to cold.
   Fly:       It grants you flight.
   rCorr:     It protects you from acid and corrosion.
 U - an amulet of reflection (around neck)
Wands
 F - a wand of flame (8)
 J - a wand of light (3)
 N - a wand of charming (11)
Scrolls
 e - a scroll of blinking
 h - 9 scrolls of fog
 i - a scroll of magic mapping
 u - a scroll of teleportation
 I - 3 scrolls of poison
Potions
 c - 6 potions of berserk rage
 j - 8 potions of curing
 k - 5 potions of haste
 p - 3 potions of heal wounds
 q - a potion of magic
 v - a potion of resistance
 w - 2 potions of might
 W - 3 potions of cancellation
Miscellaneous
 f - a piece from Xom's chessboard (15/15)
 E - a lightning rod (3/4)


   Skills:
 * Level 15.8 Fighting
 - Level 1.7 Polearms
 - Level 1.0 Throwing
 * Level 14.5 Armour
 * Level 14.5 Dodging
 - Level 1.0 Stealth
 * Level 12.6 Shields
 - Level 1.0 Spellcasting
 - Level 2.0 Hexes
 - Level 1.0 Evocations


You had 17 spell levels left.
You didn't know any spells.
Your spell library contained the following spells:

 Spells                   Type           Power      Damage    Failure   Level
 Freeze                   Ice            0%         1d3       100%        1
 Kiss of Death            Conj/Necr      0%         2d5       100%        1
 Magic Dart               Conj           0%         1d3       100%        1
 Sandblast                Erth           0%         2d4       100%        1
 Slow                     Hex            16%        N/A       100%        1
 Blink                    Tloc           0%         N/A       100%        2
 Call Imp                 Summ           0%         N/A       100%        2
 Passwall                 Tmut/Erth      0%         N/A       100%        2
 Poisonous Vapours        Pois/Air       0%         N/A       100%        2
 Confusing Touch          Hex            4%         N/A       100%        3
 Dazzling Flash           Conj/Hex       4%         N/A       100%        3
 Frozen Ramparts          Ice            0%         1d1       100%        3
 Hailstorm                Conj/Ice       0%         3d3       100%        3
 Inner Flame              Hex/Fire       2%         N/A       100%        3
 Mephitic Cloud           Conj/Pois/Air  0%         N/A       100%        3
 Ozocubu's Armour         Ice            0%         N/A       100%        3
 Stone Arrow              Conj/Erth      0%         3d7       100%        3
 Volatile Blastmotes      Fire/Tloc      0%         2d10      100%        3
 Dispel Undead            Necr           0%         3d6       100%        4
 Iskenderun's Mystic Bla  Conj/Tloc      0%         2d3       100%        4
 Manifold Assault         Tloc           0%         N/A       100%        4
 Agony                    Necr           0%         N/A       100%        5
 Metabolic Englaciation   Hex/Ice        1%         N/A       100%        5
 Silence                  Hex/Air        1%         N/A       100%        5
 Starburst                Conj/Fire      0%         6d3       100%        6
 Storm Form               Tmut/Air       0%         N/A       100%        7
 Chain Lightning          Conj/Air       0%         N/A       100%        9
 Fire Storm               Conj/Fire      0%         5d1       100%        9
 Shatter                  Erth           0%         3d5*      100%        9
 Simulacrum               Ice/Necr       Unusable   N/A       N/A         6

Dungeon Overview and Level Annotations

Branches:
Dungeon (15/15)            Temple (1/1) D:5            Lair (5/5) D:8
  Swamp (1/4) Lair:2       Spider (1/4) Lair:3        Slime (0/5) Lair:4
    Orc (2/2) D:9             Elf (0/3) Orc:2        Vaults (0/5) D:13
 Depths (1/4) D:15          Sewer (visited)         Ossuary (visited)

Altars:
Ashenzari
Cheibriados
Dithmenos
Fedhas
Gozag
Hepliaklqana
Kikubaaqudgha
Makhleb
Nemelex Xobeh
Okawaru
Qazlal
Ru
Sif Muna
Trog
Uskayaw
Vehumet
Wu Jian
Xom
Yredelemnul
Jiyva

Shops:
D:7 ?   D:10 **=(   D:11 *   D:14 :=[*(   D:15 !==   Orc:2 =([:

Annotations:
D:14 exclusion: downstairs
Lair:5 exclusion: obsidian statue
Orc:2 exclusion: 2 upstairs


Innate Abilities, Weirdness & Mutations

You have a pair of horns on your head.
You are completely covered in thin metallic scales. (AC +4, rElec)
Your demonic aura sometimes causes spilled blood to erupt in flames.
When hurt, damage is shared between your health and your magic reserves.
You regenerate magic rapidly.
When low on magic, you restore magic in place of health.


Message History

You closely miss something. You headbutt something.
A vampire knight appears from thin air!
Reactivating autopickup.
You block the vampire knight's attack. x2
The vampire knight hits you with a +0 great mace of protection!!
* * * LOW HITPOINT WARNING * * *
The vampire knight bites you but does no damage.
The vampire knight misses you. You block the vampire knight's attack.
You closely miss the vampire knight. You headbutt the vampire knight.
The vampire knight is heavily damaged.
You block the vampire knight's attack. x2
The vampire knight hits you but does no damage.
The vampire knight barely misses you. You block the vampire knight's attack.
The vampire knight bites you!
* * * LOW HITPOINT WARNING * * *
The vampire knight draws strength from your injuries!
You hit the vampire knight.
Your weapon exudes an aura of protection.
You headbutt the vampire knight, but do no damage.
The vampire knight is heavily damaged.
You block the vampire knight's attack.
The vampire knight bites you but does no damage.
You block the vampire knight's attack.
The vampire knight bites you but does no damage.
You barely miss the vampire knight.
The vampire knight is heavily damaged.
You block the vampire knight's attack.
The vampire knight closely misses you. x2
You block the vampire knight's attack. x2
The vampire knight bites you but does no damage.
You impale the vampire knight!!
Your weapon exudes an aura of protection.
You headbutt the vampire knight, but do no damage.
The vampire knight is severely damaged.
The vampire knight is engulfed in blazing flames.
The vampire knight draws life force from you!!
* * * LOW HITPOINT WARNING * * *
The vampire knight is healed by the life force!
The vampire knight draws life force from you!
You die...
Your body crumbles into a pile of gold.

#.......#...........#
##.....##.....##.^..##
#......##.....##.....#
#......+.............#
#####...##...........##
..###...####'###########
#.......##.....###)....##
#.......)#.)...##?......#####
#.....[..'.....#@.#####|....##
#####.))##.....##V......##.∩.##
#..##.[.##.....###.....###∩8..##
........)[.).....########..∩..)#
<............................###
#..##.....................####
#######'##.....##.........#
...##...#########.........#
.......................##.#


You could see a vampire knight (fast).

Vanquished Creatures
  Jorgrun (D:13)
  Rupert (Orc:1)
  Kirke (D:14)
  2 fire giants (D:15)
  4 orc warlords
  A stone giant (Depths:1)
  Nessos (D:15)
  4 very ugly things (D:15)
  Azrael (D:13)
  A spark wasp (Lair:3)
  4 dire elephants (Lair:5)
  3 ettins
  Snorg (D:14)
  Josephine (D:13)
  2 fire dragons (D:15)
  6 hydras
  Fannar (Lair:1)
  2 ice dragons (D:15)
  5 centaur warriors
  4 boulder beetles
  A catoblepas (D:14)
  6 two-headed ogres
  6 death yaks (Lair:5)
  A deep troll earth mage (Depths:1)
  A deep troll shaman (D:15)
  An orc high priest (Orc:2)
  3 tengu warriors
  3 skeletal warriors (D:14)
  A spectral death yak (Lair:5)
  An iron troll (D:15)
  A pharaoh ant (Lair:3)
  3 deep trolls (D:15)
  2 goliath frogs (Swamp:1)
  A spectral anaconda (Lair:5)
  4 necromancers
  A lindwurm (Lair:2)
  A steelbarb worm (Lair:3)
  13 orc knights
  2 wizards (D:14)
  2 deep elf pyromancers
  3 ugly things
  7 orc sorcerers
  2 wolf spiders (Lair:3)
  5 cyclopes
  A cyclops (shapeshifter) (D:15)
  4 manticores
  Joseph (D:6)
  12 elephants (Lair:5)
  7 black mambas
  A torpor snail (Lair:5)
  A dire elephant skeleton (Lair:5)
  2 freezing wraiths
  6 kobold demonologists
  9 cane toads
  7 rime drakes
  2 unseen horrors (D:12)
  An efreet (D:14)
  7 komodo dragons
  A yaktaur (D:14)
  12 trolls
  A bloated husk (Swamp:1)
  8 polar bears
  2 tyrant leeches (Swamp:1)
  4 saltlings (Orc:2)
  2 hornets
  24 blink frogs
  6 dream sheep
  2 jumping spiders (Lair:3)
  16 slime creatures
  A shadow (D:11)
  A centaur simulacrum (D:15)
  3 wraiths (D:13)
  7 basilisks
  A vampire (D:13)
  A culicivora (Lair:3)
  A spriggan (Swamp:1)
  10 wyverns
  54 yaks
  3 fire bats (Lair:4)
  A fire elemental (D:13)
  A hog (D:15)
  3 redbacks (Lair:3)
  10 vampire mosquitoes
  2 spectral cane toads (Lair:5)
  13 wargs
  A death yak simulacrum (Lair:5)
  15 water moccasins
  2 swamp worms (Lair:2)
  4 acid dragons
  A hell hound (D:13)
  3 sky beasts
  3 elephant zombies (Lair:5)
  3 black bears
  2 ice beasts
  8 ogres
  30 orc warriors
  11 centaurs
  4 boggarts (Lair:5)
  11 wolves
  6 kobold brigands
  3 phantoms (D:5)
  19 bullfrogs
  A gnoll sergeant (D:6)
  12 killer bees
  2 elephant simulacra (Lair:4)
  An electric eel (Lair:2)
  7 howler monkeys
  4 hounds
  2 jellies
  18 orc priests
  A gnoll bouda (D:9)
  3 mummies
  Natasha (twice) (D:2)
  An iguana (D:6)
  18 orc wizards
  8 hell rats
  A wolf simulacrum (Lair:4)
  11 adders
  5 gnolls (D:10)
  6 river rats
  A shadow imp (D:6)
  2 worms
  76 orcs
  9 endoplasms
  6 giant cockroaches
  9 hobgoblins
  10 jackals
  6 quokkas
  19 ball pythons
  7 bats
  7 frilled lizards
  14 goblins
  26 kobolds
  26 rats
815 creatures vanquished.

Vanquished Creatures (collateral kills)
  An orc knight (Orc:2)
  2 fire elementals (D:13)
  2 hell hounds (D:13)
5 creatures vanquished.

Vanquished Creatures (others)
  Erolcha (D:11)
  A two-headed ogre (Orc:2)
  A bloated husk (Swamp:1)
  A dream sheep (Lair:3)
  A howler monkey (D:13)
  A wolf simulacrum (Lair:4)
  An orc (Orc:2)
  A kobold (D:9)
8 creatures vanquished.

Grand Total: 828 creatures vanquished

Notes
Turn   | Place    | Note
-------+----------+-------------------------------------------
     0 | D:1      | Chiseanne the Demonspawn Wanderer began the quest for the
                  | Orb.
     0 | D:1      | Chiseanne set off with the following items: a +2 spear, a
                  | piece from Xom's chessboard (15/15), a potion of berserk
                  | rage, a +0 robe; and the following spell memorised: Slow;
                  | and the following spells available to memorise: Inner
                  | Flame.
     0 | D:1      | Reached XP level 1. HP: 15/15 MP: 2/2
   232 | D:1      | Reached skill level 1 in Dodging
   232 | D:1      | Gained mutation: Your demonic aura sometimes causes spilled
                  | blood to erupt in flames. [demonic ancestry]
   232 | D:1      | Reached XP level 2. HP: 15/21 MP: 3/3
   563 | D:1      | Reached skill level 2 in Fighting
   862 | D:2      | Gained mutation: You have a pair of small horns on your
                  | head. [demonic ancestry]
   862 | D:2      | Reached XP level 3. HP: 25/27 MP: 4/4
  1254 | D:2      | Noticed Natasha
  1272 | D:2      | Killed Natasha
  1273 | D:2      | Gained mutation: You are partially covered in thin metallic
                  | scales. (AC +2) [demonic ancestry]
  1273 | D:2      | Reached XP level 4. HP: 22/34 MP: 5/5
  1366 | D:2      | Noticed Natasha
  1373 | D:2      | Killed Natasha
  1881 | D:3      | Reached skill level 3 in Fighting
  1881 | D:3      | Gained mutation: You regenerate magic rapidly. [demonic
                  | ancestry]
  1881 | D:3      | Reached XP level 5. HP: 41/41 MP: 6/6
  2746 | D:4      | Noticed a centaur
  2754 | D:4      | HP: 2/41 [orc/+0 flail (7)]
  2760 | D:4      | Killed a centaur
  2761 | D:4      | Gained mutation: You are mostly covered in thin metallic
                  | scales. (AC +3) [demonic ancestry]
  2761 | D:4      | Reached XP level 6. HP: 18/48 MP: 7/7
  2965 | D:4      | Found a glowing drain.
  2969 | Sewer    | Entered a sewer
  3066 | Sewer    | Reached skill level 4 in Fighting
  3271 | Sewer    | Reached XP level 7. HP: 36/55 MP: 8/8
  3365 | D:4      | Identified a scroll of acquirement
  3367 | D:4      | Acquired 905 gold pieces
  3452 | D:5      | Entered Level 5 of the Dungeon
  3573 | D:5      | Found a basalt altar of Yredelemnul.
  3667 | D:5      | Found a sand-covered staircase.
  3676 | Ossuary  | Entered an ossuary
  3853 | D:5      | Found a sparkling altar of Nemelex Xobeh.
  3942 | D:5      | Reached skill level 5 in Fighting
  4128 | D:5      | Found a staircase to the Ecumenical Temple.
  4156 | Temple   | Entered the Ecumenical Temple
  4172 | Temple   | Became a worshipper of Gozag Ym Sagoz the Greedy
  4242 | D:5      | Reached XP level 8. HP: 56/63 MP: 9/9
  4296 | D:5      | Reached skill level 5 in Dodging
  4370 | D:5      | Reached skill level 5 in Armour
  4584 | D:5      | Reached skill level 6 in Fighting
  4634 | D:5      | Found a bloodstained altar of Trog.
  4914 | D:6      | Identified the staff of air "Qiojocs" {rElec Will- Dex+4
                  | SInv Stlth+}
  4938 | D:6      | Found an iron altar of Okawaru.
  5077 | D:6      | Got the Directory of Air and Hail
  5864 | D:7      | Gained mutation: When hurt, damage is shared between your
                  | health and your magic reserves. [demonic ancestry]
  5864 | D:7      | Reached XP level 9. HP: 60/71 MP: 10/10
  5937 | D:7      | Noticed Joseph
  6028 | D:7      | Found a broken altar of Ashenzari.
  6093 | D:7      | Reached skill level 7 in Fighting
  6110 | D:6      | Killed Joseph
  6178 | D:7      | Found a shadowy altar of Dithmenos.
  6252 | D:7      | Found a hazy altar of Hepliaklqana.
  6289 | D:7      | Found Duodeih's Magic Scroll Shoppe.
  6299 | D:7      | Bought a scroll of acquirement for 676 gold pieces
  6299 | D:7      | Bought a scroll of teleportation for 39 gold pieces
  6300 | D:7      | Acquired 1017 gold pieces
  6303 | D:7      | Found Homialo's Weapon Shoppe.
  6340 | D:7      | Found a blossoming altar of Fedhas.
  6683 | D:7      | Bought a scroll of identify for 26 gold pieces
  6840 | D:8      | Reached skill level 8 in Fighting
  7006 | D:8      | You fall into a shaft and drop 1 floor!
  7006 | D:9      | Found a staircase to the Orcish Mines.
  7449 | D:9      | Reached XP level 10. HP: 52/82 MP: 7/11
  7454 | D:9      | Reached skill level 1 in Shields
  7789 | D:9      | Reached skill level 9 in Fighting
  8213 | D:9      | Noticed a two-headed ogre
  8227 | D:9      | Killed a two-headed ogre
  8578 | D:8      | Found a staircase to the Lair.
  9346 | D:10     | Entered Level 10 of the Dungeon
  9378 | D:10     | Noticed a two-headed ogre
  9387 | D:10     | Killed a two-headed ogre
  9519 | D:10     | Reached XP level 11. HP: 65/89 MP: 10/12
 10034 | D:10     | Found Nyov's Mayhem Merchandise.
 10220 | D:10     | Bought a scroll of teleportation for 39 gold pieces
 10220 | D:10     | Bought a scroll of identify for 26 gold pieces
 10249 | D:11     | Noticed a boulder beetle
 10272 | D:11     | Killed a boulder beetle
 10379 | D:11     | Reached skill level 10 in Fighting
 10455 | D:11     | Reached skill level 5 in Shields
 10812 | D:11     | Noticed Erolcha
 10818 | D:11     | Killed Erolcha
 11321 | D:11     | Found Qeguicw's Assorted Antiques.
 11329 | D:11     | Bought a potion of might for 116 gold pieces
 11329 | D:11     | Bought a potion of resistance for 290 gold pieces
 11329 | D:11     | Bought a wooden wand for 116 gold pieces
 11329 | D:11     | Bought a scroll of identify for 58 gold pieces
 12792 | D:12     | Noticed a deep elf pyromancer
 12797 | D:12     | Killed a deep elf pyromancer
 12825 | D:12     | Gained mutation: When low on magic, you restore magic in
                  | place of health. [demonic ancestry]
 12825 | D:12     | Reached XP level 12. HP: 99/99 MP: 13/13
 13287 | D:13     | Noticed Jorgrun
 13415 | D:14     | Found Igrurif's Antique Weapon Shoppe.
 13576 | Orc:1    | Entered Level 1 of the Orcish Mines
 13612 | D:9      | Reached skill level 10 in Dodging
 13682 | D:9      | Paralysed by an orc sorcerer for 5 turns
 13699 | D:9      | Reached skill level 11 in Fighting
 13699 | D:9      | Reached skill level 10 in Armour
 14707 | Orc:1    | You fall into a shaft and drop 1 floor!
 14707 | Orc:2    | Entered Level 2 of the Orcish Mines
 14868 | Orc:2    | Noticed an ettin
 14871 | Orc:2    | Paralysed by an orc sorcerer for 2 turns
 15243 | Orc:2    | Noticed Rupert
 15334 | D:10     | Bought an amulet of reflection for 480 gold pieces
 15453 | Lair:1   | Entered Level 1 of the Lair of Beasts
 15924 | Lair:1   | Noticed Fannar
 15944 | Lair:1   | Killed Fannar
 16403 | Lair:2   | Noticed a boulder beetle
 16436 | Lair:2   | Killed a boulder beetle
 16494 | Lair:2   | Noticed a four-headed hydra
 16509 | Lair:2   | Killed a four-headed hydra
 16712 | Lair:2   | Found a staircase to the Swamp.
 16837 | Lair:2   | Reached skill level 12 in Fighting
 16839 | Lair:2   | Reached XP level 13. HP: 62/108 MP: 9/14
 17098 | Lair:2   | Identified the +0 scale mail "Jekhlige" {Int+3}
 18802 | Lair:3   | Found a hole to the Spider Nest.
 19537 | Lair:4   | Found a viscous altar of Jiyva.
 19540 | Lair:4   | Found a staircase to the Slime Pits.
 19946 | Lair:4   | Reached skill level 13 in Fighting
 20209 | Lair:4   | Found a frozen archway.
 20575 | Lair:5   | Entered Level 5 of the Lair of Beasts
 20763 | Lair:5   | Reached XP level 14. HP: 112/118 MP: 15/15
 22204 | Lair:5   | Reached skill level 10 in Shields
 23201 | Lair:5   | Identified the +5 dire flail of the Forging Spider {spect,
                  | rC- Dex+6}
 23688 | Lair:5   | Reached skill level 14 in Fighting
 24130 | Lair:5   | Identified the ring of Ycivvam {Fly rC- rCorr Str+7 Int-3}
 24522 | D:13     | Noticed Azrael
 24542 | D:13     | Killed Azrael
 24870 | D:13     | Noticed Josephine
 24878 | D:13     | Killed Josephine
 25257 | D:14     | Found Zaymoecy's Book Shoppe.
 25479 | D:14     | Found Lasaaj's Jewellery Shop.
 25661 | D:14     | Found Boesmui's General Store.
 25666 | D:14     | Bought a potion of heal wounds for 80 gold pieces
 25666 | D:14     | Bought a potion of haste for 160 gold pieces
 25666 | D:14     | Bought a scroll of fog for 64 gold pieces
 25682 | D:14     | Gained mutation: You have a pair of horns on your head.
                  | [demonic ancestry]
 25682 | D:14     | Reached XP level 15. HP: 126/126 MP: 16/16
 25803 | D:14     | Noticed Snorg
 25824 | D:14     | Killed Snorg
 26074 | D:14     | Found Otiq's Armour Emporium.
 26079 | D:14     | Bought a +2 pair of boots of rampaging for 322 gold pieces
 26160 | D:15     | Entered Level 15 of the Dungeon
 26177 | D:15     | Noticed Kirke
 26458 | D:14     | Noticed a sphinx
 26458 | D:14     | Killed Kirke
 26685 | D:15     | Noticed Nessos
 26703 | D:15     | Killed Nessos
 27203 | D:15     | Found a staircase to the Depths.
 27236 | D:15     | Bought the ring "Alugyd" {Fly EV+5 Str+4 Int-4 Stlth+} for
                  | 862 gold pieces
 27361 | D:13     | Killed Jorgrun
 27692 | D:13     | Found a gate to the Vaults.
 28211 | Orc:1    | Killed Rupert
 29054 | Orc:2    | Found a staircase to the Elven Halls.
 29149 | Orc:2    | Reached skill level 15 in Fighting
 29152 | Orc:2    | Identified the +8 spear of Terra Cotta {venom, rC- Str-4
                  | Int+9}
 29963 | Orc:2    | Found Fupe's Book Shoppe.
 29966 | Orc:2    | Found Muhowel's Armour Shoppe.
 30059 | Orc:2    | Found Gepluck's Antique Weapon Shoppe.
 30555 | Orc:2    | Identified the +7 sling "Hiove" {freeze, Dex+7}
 30716 | Orc:2    | Found Nilot's Jewellery Shop.
 30721 | Orc:2    | Bought the ring of Xapraet {rPois rF+ Dex+3 SInv} for 513
                  | gold pieces
 30741 | Orc:2    | Gained mutation: You are completely covered in thin
                  | metallic scales. (AC +4, rElec) [demonic ancestry]
 30741 | Orc:2    | Reached XP level 16. HP: 127/129 MP: 17/17
 31222 | Orc:2    | Identified the +0 leather armour of Hiam Suo {Regen+}
 31453 | D:14     | Bought the ring "Ramit" {rElec rC+ Str+2 Stlth+} for 782
                  | gold pieces
 31676 | Swamp:1  | Entered Level 1 of the Swamp
 32033 | Lair:2   | Paralysed by a fenstrider witch for 3 turns
 32371 | Swamp:1  | Noticed a thorn hunter
 32440 | Spider:1 | Entered Level 1 of the Spider Nest
 32456 | Lair:3   | Chiseanne: the fuck ???
 33202 | Lair:3   | Chiseanne: 40 ac and it means shit ???
 33202 | Lair:3   | Chiseanne: fuck you idiots
 33203 | Lair:3   | Chiseanne: fat shield but it sucks ???
 33203 | Lair:3   | Chiseanne: god ,you suck
 33490 | D:15     | Bought a potion of curing for 45 gold pieces
 33490 | D:15     | Bought a potion of curing for 45 gold pieces
 33490 | D:15     | Bought a potion of might for 60 gold pieces
 33490 | D:15     | Bought a potion of magic for 120 gold pieces
 33502 | Depths:1 | Entered Level 1 of the Depths
 34233 | D:15     | Paralysed by a vampire knight for 4 turns
 35193 | D:15     | HP: 5/138 [vampire knight/vampiric draining (15)]
 35193 | D:15     | Killed from afar by a vampire knight

Illustrated notes

Levels and vault maps discovered:
D:1:      sevenhm_arrival_forest_fort_small_4, layout_loops_ring,
          minmay_hedge_maze
D:2:      layout_loops_cross, shapermc_ecumenical_altar_petra, uniq_natasha
D:3:      layout_basic, serial_park_tiny_pond, minmay_goblin_kobold_house
D:4:      layout_rooms, gup_sewer_entry_bowl
D:5:      layout_gridville, kennysheep_ying_yang, mainiacjoe_overflow_swirl,
          minmay_temple_entry_junction, nicolae_ossuary_entry_ruins,
          minmay_misc_feat_chi
D:6:      hellmonk_ruined_rings, layout_basic, lemuel_crystal_altar,
          mainiacjoe_overflow_brackets
D:7:      layout_cave_pools, nicolae_dithmenos_through_a_glass_darkly,
          fedhas_altar_2, mainiacjoe_overflow_24_doors, marbit_many_paths,
          serial_shops, shop, nicolae_shop_bloodbath_and_beyond, uniq_joseph
D:8:      layout_cave_pods, lair_entry_dummy, enter_bailey_5,
          chequers_serial_rivers_micro_a, minivault_27
D:9:      layout_loops_corners, orc_0_dummy, nicolae_figureground_sparkle
D:10:     layout_basic, minmay_shop_mayhem, amcnicky_mini_corridor_feature
D:11:     layout_irregular_city, serial_shops, nicolae_shop_peninsula,
          uniq_erolcha
D:12:     minmay_connected_triangles_in_corner, layout_basic
D:13:     layout_irregular_city, david_vaults_1, uniq_josephine, uniq_azrael,
          uniq_jorgrun
D:14:     kennysheep_room_grid, layout_rooms, serial_shops, nicolae_shop_trees,
          shop, nicolae_stop_n_shop_2, shop, shop_statue, uniq_snorg
D:15:     grunt_enter_depths_hoard, layout_gridville,
          hangedman_abyss_or_decor_lesser_grid, elyvilon_altar_1, uniq_nessos,
          uniq_kirke
Temple:   hellmonk_temple_two_chambers
Lair:1:   layout_big_grid, uniq_fannar
Lair:2:   layout_chaotic_city, minmay_swamp_entry_worms,
          pdpol_lair_cavern_descent, infiniplex_staircase_pool,
          serial_bayou_shore_a
Lair:3:   layout_gridlike, spider_nest_entry_a, special_room
          [special_room_mythical_zoo], grunt_megastairs_4
Lair:4:   layout_big_grid, slime_entry_1, portal_ice_cave_entry_ice_simulacra,
          nicolae_volcano_entry_batcave, chequers_serial_rivers_large_a
Lair:5:   due_jungle_book, layout_concentric_octagons, serial_bayou_pond_a,
          kilobyte_rumbling_trees, grunt_megastairs_1, serial_bayou_shore_b
Swamp:1:  layout_basic_swamp, nicolae_swamp_fairy_circle
Spider:1: layout_spider_delve, nicolae_spider_nooks_and_crannies, uniq_frances
Orc:1:    layout_caves, hellmonk_guarded_unrand_dark_maul
Orc:2:    hellmonk_orc_salted, layout_caves, minmay_orc_treasury, uniq_rupert
Depths:1: layout_cave_pools, enter_ziggurat_d, grunt_metal_band,
          nicolae_eternal_life, zin_purify

Skill      XL: |  1  2  3  4  5  6  7  8  9 10 11 12 13 14 15 |
---------------+----------------------------------------------+-----
Dodging        | 1 2 3 4 6 7 8 9 11 12 13 14 | 14.5
Fighting       | 2 3 4 5 6 8 9 10 12 13 14 15 | 15.8
Armour         | 2 3 4 6 7 8 9 10 12 13 14 | 14.5
Shields        | 4 6 7 9 10 12 | 12.6
Polearms       | |  1.7
Throwing       | |  1.0
Stealth        | |  1.0
Spellcasting   | |  1.0
Hexes          | |  2.0
Evocations     | |  1.0

Action                     |  1- 3 |  4- 6 |  7- 9 | 10-12 | 13-15 | 16-18 || total
---------------------------+-------+-------+-------+-------+-------+-------++-------
  Melee: Spear             |   173 |   259 |   199 |       |       |       ||   631
         Punch             |     1 |       |     2 |       |       |       ||     3
         Headbutt          |     6 |    34 |    72 |   248 |   516 |    98 ||   974
         Trident           |       |       |   191 |   859 |   971 |       ||  2021
         Eveningstar       |       |       |       |    14 |   620 |   297 ||   931
         Unarmed           |       |       |       |       |    21 |       ||    21
  Throw: Dart              |       |       |    10 |    19 |     4 |       ||    33
         Stone             |       |       |     8 |     1 |       |       ||     9
         Throwing net      |       |       |     1 |       |       |       ||     1
         Boomerang         |       |       |       |       |     2 |       ||     2
         Javelin           |       |       |       |       |     1 |     5 ||     6
 Invoke: Call Merchant     |       |       |       |     3 |     2 |     1 ||     6
  Evoke: Lightning rod     |       |       |       |     4 |    17 |     1 ||    22
         Wand              |       |       |       |     6 |    32 |     8 ||    46
         Piece from Xom's  |       |       |       |       |     1 |       ||     1
    Use: Scroll            |     5 |    12 |     7 |    15 |    12 |     5 ||    56
         Potion            |       |     3 |       |     3 |    16 |     4 ||    26
   Stab: Sleeping          |     4 |     2 |       |       |       |       ||     6
         Distracted        |       |       |     2 |     4 |     7 |       ||    13
         Held in net/web   |       |       |     1 |       |       |       ||     1
         Invisible         |       |       |       |       |     6 |       ||     6
         Petrified         |       |       |       |       |     5 |       ||     5
 Armour: Robe              |     3 |       |       |       |       |       ||     3
         Ring mail         |    48 |   147 |   114 |   282 |       |       ||   591
         Gold dragon scale |       |       |       |       |   881 |   330 ||  1211
  Dodge: Dodged            |    80 |   259 |   280 |  1105 |   922 |   250 ||  2896
  Block: Buckler           |       |       |    30 |   429 |   439 |       ||   898
         Reflection        |       |       |       |       |    38 |    16 ||    54
         Tower shield      |       |       |       |       |  1682 |   563 ||  2245
         Other             |       |       |       |       |     1 |       ||     1
